 Dungeon Crawl Stone Soup version 0.31-a0-200-gbc41564c69 (webtiles) character file.

Game seed: 8204699669215332244

228 qw the Skirmisher (level 5, -15/29 HPs)
             Began as a Deep Elf Hunter on June 25, 2023.
             Demolished by Sigmund
             ... wielding a +1 heavy scythe
              (20 damage)
             ... on level 4 of the Dungeon.
             The game lasted 00:01:01 (2441 turns).

qw the Skirmisher (Deep Elf Hunter)                 Turns: 2441, Time: 00:01:01

Health: -15/29     AC:  5    Str: 10    XL:     5   Next: 71%
Magic:  7/7        EV: 11    Int: 14    God:
Gold:   21         SH:  0    Dex: 18    Spells: 4/4 levels left

rFire   . . .        Y - +2 shortbow
rCold   . . .        (shield currently unavailable)
rNeg    . . .        e - +0 ring mail
rPois   .            (no helmet)
rElec   .            (no cloak)
rCorr   .            (no gloves)
SInv    .            (no boots)
Will    .....        (no amulet) Stlth
                     (no ring)
HPRegen 0.24/turn    (no ring)
MPRegen 0.10/turn

%: no passive effects
@: confused
A: no striking features
a: no special abilities


You were on level 4 of the Dungeon.
You visited 1 branch of the dungeon, and saw 4 of its levels.

You collected 215 gold pieces.
You spent 194 gold pieces at shops.


   Skills:
 + Level 1.6 Fighting
 - Level 9.3 Ranged Weapons
 - Level 2.4 Dodging
 - Level 1.2 Stealth


You had 4 spell levels left.
You didn't know any spells.
Your spell library was empty.

Inventory:

Hand Weapons
 Y - a +2 shortbow (weapon)
Armour
 d - a +0 pair of boots
 e - a +0 ring mail (worn)
Scrolls
 a - a scroll of identify
 g - a scroll of silence {unknown}
Potions
 b - a potion of haste
 c - a potion of curing {unknown}
 f - a potion of magic {unknown}
 h - a potion of heal wounds
 i - a potion of mutation {unknown}
 j - 2 potions of enlightenment {unknown}
 l - a potion of attraction {unknown}

Dungeon Overview and Level Annotations

Branches:
Dungeon (4/15)
 Temple: D:4-7

Altars:
Ashenzari
Cheibriados

Shops:
D:3 *   D:4 :[:*

Annotations:
D:3 2 transporters
D:4 Sigmund


Message History

The arrow hits Sigmund but does no damage.
Sigmund is moderately wounded.
You shoot an arrow. The arrow barely misses Sigmund.
You shoot an arrow. The arrow hits Sigmund!
Sigmund is heavily wounded.
Sigmund gestures at you while chanting. The magic dart hits you.
2425 ||| FLEEEEING.
2426 ||| FLEEEEING.
Sigmund breathes a few words.
Sigmund's hands start flickering wildly.
Sigmund mumbles some strange words.
Sigmund flickers and vanishes!
Deactivating autopickup; reactivate with Ctrl-A.
2427 ||| STILL FLEEEEING.
2428 ||| STILL FLEEEEING.
2429 ||| STILL FLEEEEING.
You are confused.
You shoot an arrow. You shoot an arrow.
A puff of flame appears from out of thin air!
The puff of flame hits you!
You shoot an arrow.
A puff of flame appears from out of thin air!
The puff of flame hits you!
You shoot an arrow.
You are more confused.
You shoot an arrow. You shoot an arrow. You shoot an arrow. You shoot an arrow.
Something hits you but does no damage.
You shoot an arrow. You shoot an arrow. Something hits you.
You shoot an arrow. You shoot an arrow. Something hits you!!
Ouch! That really hurt!
You die...

..#.....# #.# .###...## #.# ## #
#####.## ##.#### .###. <.....#
####.....# ##.#.# #####.#
#......#.# ....# ##'## #.##...#!#
# #..# ##...## #.##...#.#
#.###..# ##.....## #.##.#.#.#
#.#....# #.......###.##.@.#.#
#.......
#.........##......{.########.7.7.
+.........'...................\.#
#.........####...#####.......7.7.
##.......## ##..# #.####...#..
##.....## ##.# #.# #..7.7.
##...## #.# #.# ##...\.# ##+# #.#
#.# #...7)7. #.# #.# #.......


There were no monsters in sight!

Vanquished Creatures
  Blork the orc (D:4)
  2 hounds
  3 adders
  A worm (D:2)
  2 dart slugs
  13 endoplasms
  4 giant cockroaches
  7 goblins
  9 hobgoblins
  2 kobolds
  2 quokkas
  10 ball pythons
  5 bats
  6 frilled lizards
  6 rats
73 creatures vanquished.

Notes
Turn   | Place    | Note
-------+----------+-------------------------------------------
     0 | D:1      | qw the Deep Elf Hunter began the quest for the Orb.
     0 | D:1      | Reached XP level 1. HP: 12/12 MP: 3/3
     0 | D:1      | 0 ||| qw: Version: 0.3-a-22-g0ed2b0b
     0 | D:1      | 0 ||| qw: Game counter: 5588
     0 | D:1      | 0 ||| qw: Melee chars always use a shield: true
     0 | D:1      | 0 ||| qw: God list: Okawaru
     0 | D:1      | 0 ||| qw: Allow faded altars: false
     0 | D:1      | 0 ||| qw: Do Orc after clearing Dungeon:15 true
     0 | D:1      | 0 ||| qw: Do second Lair branch before Depths: true
     0 | D:1      | 0 ||| qw: Lair rune preference: random
     0 | D:1      | 0 ||| qw: Goals: Normal
     0 | D:1      | 0 ||| PLANNING D:1-11
    53 | D:1      | Reached XP level 2. HP: 16/16 MP: 4/4
    65 | D:1      | Reached skill level 6 in Ranged Weapons
   427 | D:1      | Reached XP level 3. HP: 20/20 MP: 5/5
   522 | D:1      | 522 ||| READING scroll labelled KEYSHO FONISIP.
   527 | D:1      | 527 ||| READING scroll labelled OXEARGH NAODOEL.
   528 | D:1      | 528 ||| READING scroll labelled LEYX ZIREN.
   529 | D:1      | 529 ||| READING scroll labelled ZETROG SOUPP.
   530 | D:1      | 530 ||| DRINKING 2 bubbling cyan potions.
   531 | D:1      | 531 ||| DROPPING scroll of butterflies.
   532 | D:1      | 532 ||| DROPPING potion of brilliance.
   621 | D:2      | Reached skill level 7 in Ranged Weapons
   782 | D:2      | 782 ||| READING scroll of enchant weapon.
   782 | D:2      | 782 ||| ENCHANTING +1 shortbow.
   839 | D:2      | HP: 5/20 [endoplasm (3)]
   929 | D:2      | Reached XP level 4. HP: 25/25 MP: 6/6
  1266 | D:2      | 1266 ||| READING scroll labelled ORRUUSCHAMO.
  1267 | D:2      | 1267 ||| READING scroll labelled RABATZ KUXOH.
  1268 | D:2      | 1268 ||| DRINKING 2 red potions.
  1269 | D:2      | 1269 ||| READING 2 scrolls of identify.
  1269 | D:2      | 1269 ||| IDENTIFYING lumpy coppery potion
  1270 | D:2      | 1270 ||| DROPPING potion of lignification.
  1438 | D:3      | Found a transporter.
  1474 | D:3      | Found a transporter.
  1573 | D:3      | Reached skill level 8 in Ranged Weapons
  1813 | D:3      | Found Oraih's Assorted Antiques.
  1821 | D:3      | 1821 ||| BUYING lumpy puce potion (16 gold).
  1821 | D:3      | Bought a lumpy puce potion for 16 gold pieces
  1821 | D:3      | 1821 ||| BUYING runed iron wand (72 gold).
  1821 | D:3      | Bought a runed iron wand for 72 gold pieces
  1821 | D:3      | 1821 ||| BUYING scroll of identify (36 gold).
  1821 | D:3      | Bought a scroll of identify for 36 gold pieces
  1821 | D:3      | 1821 ||| BUYING white potion (16 gold).
  1821 | D:3      | Bought a white potion for 16 gold pieces
  1936 | D:3      | 1936 ||| UPGRADING to +0 scale mail.
  1946 | D:3      | 1946 ||| DROPPING +0 leather armour.
  1947 | D:3      | 1947 ||| UPGRADING to +0 ring mail.
  1957 | D:3      | 1957 ||| DROPPING +0 scale mail.
  1958 | D:3      | 1958 ||| READING 2 scrolls of identify.
  1958 | D:3      | 1958 ||| IDENTIFYING purple potion
  1959 | D:3      | 1959 ||| DROPPING wand of quicksilver (12).
  2107 | D:4      | Found a broken altar of Ashenzari.
  2231 | D:4      | Reached XP level 5. HP: 27/29 MP: 7/7
  2245 | D:4      | Found a snail-covered altar of Cheibriados.
  2317 | D:4      | Found Baosk's Book Shoppe.
  2319 | D:4      | Found Yvumian's Armour Shoppe.
  2323 | D:4      | Found Zevem's General Store.
  2327 | D:4      | Found Geocig's Book Shoppe.
  2337 | D:4      | Noticed Blork the orc
  2344 | D:4      | Killed Blork the orc
  2345 | D:4      | Reached skill level 9 in Ranged Weapons
  2350 | D:4      | 2350 ||| BUYING +0 pair of boots (54 gold).
  2350 | D:4      | Bought a +0 pair of boots for 54 gold pieces
  2350 | D:4      | 2350 ||| SHOPLISTING +2 scale mail of poison resistance
                  | (216 gold, have 21).
  2350 | D:4      | 2350 ||| SHOPLISTING potion of enlightenment (60 gold, have
                  | 21).
  2350 | D:4      | 2350 ||| SHOPLISTING potion of mutation (96 gold, have 21).
  2350 | D:4      | 2350 ||| SHOPLISTING scroll of identify (24 gold, have 21).
  2350 | D:4      | 2350 ||| SHOPLISTING scroll of teleportation (36 gold, have
                  | 21).
  2354 | D:4      | 2354 ||| SHOPLISTING +3 ring mail of cold resistance (286
                  | gold, have 21).
  2390 | D:4      | Noticed Sigmund
  2392 | D:4      | 2392 ||| FLEEEEING.
  2393 | D:4      | 2393 ||| FLEEEEING.
  2399 | D:4      | 2399 ||| FLEEEEING.
  2400 | D:4      | 2400 ||| FLEEEEING.
  2401 | D:4      | 2401 ||| FLEEEEING.
  2406 | D:4      | 2406 ||| FLEEEEING.
  2407 | D:4      | 2407 ||| FLEEEEING.
  2408 | D:4      | 2408 ||| FLEEEEING.
  2414 | D:4      | 2414 ||| FLEEEEING.
  2416 | D:4      | 2416 ||| FLEEEEING.
  2418 | D:4      | 2418 ||| FLEEEEING.
  2419 | D:4      | 2419 ||| FLEEEEING.
  2420 | D:4      | 2420 ||| FLEEEEING.
  2421 | D:4      | 2421 ||| FLEEEEING.
  2425 | D:4      | 2425 ||| FLEEEEING.
  2426 | D:4      | 2426 ||| FLEEEEING.
  2432 | D:4      | HP: 5/29 [something/puff of flame (9)]
  2439 | D:4      | HP: 4/29 [something (3)]
  2441 | D:4      | Demolished by Sigmund

Levels and vault maps discovered:
D:1:      dpeg_arrival_short_road, layout_rooms
D:2:      layout_loops_cross, minmay_misc_feat_alley
D:3:      gammafunk_steamed_eel, layout_loops_ring, serial_shops, shop
D:4:      layout_loops_corners, nicolae_overflow_crystal_walls,
          kennysheep_mini_moat, zin_purify, minmay_gold_behind_fungi,
          minmay_shop_grid_forest, nicolae_grassy_gnolls, uniq_sigmund,
          uniq_blork_the_orc

Skill      XL: |  1  2  3  4  5 |
---------------+----------------+-----
Ranged Weapons | 6 7 8 9 |  9.3
Fighting       | |  1.6
Dodging        | |  2.4
Stealth        | |  1.2

Action                     |  1- 3 |  4- 6 || total
---------------------------+-------+-------++-------
   Fire: Shortbow          |   106 |    78 ||   184
    Use: Scroll            |     5 |     4 ||     9
         Potion            |     1 |     1 ||     2
 Armour: Leather armour    |    10 |     2 ||    12
         Ring mail         |       |     2 ||     2
  Dodge: Dodged            |    33 |    11 ||    44

Table legend:
 A = Non-vault XP
 B = Vault XP
 C = Vault XP percentage of total XP
 D = Non-vault monster count
 E = Vault monster count
 F = Vault count percentage of total count
                 A         B        C        D         E       F
            +---------+---------+-------+---------+---------+-------
      Total |     240 |      87 |  26.6 |      72 |       1 |   1.4
            +---------+---------+-------+---------+---------+-------
        D:1 |      45 |       0 |   0.0 |      26 |       0 |   0.0
        D:2 |      68 |       0 |   0.0 |      25 |       0 |   0.0
        D:3 |      61 |       0 |   0.0 |      12 |       0 |   0.0
        D:4 |      66 |      87 |  56.9 |       9 |       1 |  10.0
            +---------+---------+-------+---------+---------+-------
